Zazza, neutral female human Tourist -- --- --.- ------.------ |...---.--.....--.-- |..................| ----..............-- - --- |..............-- . --..- ---.<---f.....h...-- .. .... ....-- |.s.........| -.----... ---..-- |..@---....-- |.|.|... |...| --..| |.[..| |....... ---- ---.---------...-- |......---..| --#...| |....--- --....%.||...-- -----..--.--- |......| |.......|--...---.|....-|...|---......| --.......--..............|--.|........-- ---........................| |.........-- |....................|..|..| ---.......| |.......---..[....---------- --....--- --- --..| -----.--- ---.-- ---- --- --- Zazza the Rambler Experience level: 1 Strength: 15 Dexterity: 10 Constitution: 17 Intelligence: 11 Wisdom: 8 Charisma: 16 Health: 0(10) Energy: 3(3) Def: 10 Gold: 0 Moves: 4419 Dungeon seed: pxisMfmrhkpuAtUc Game ID: Zazza_1619166877 Your Inventory: Armor e - an uncursed +0 Hawaiian shirt (being worn) n - an uncursed +0 cloak of protection (being worn) r - an uncursed rusty +0 orcish helm (being worn) M - an uncursed +0 dwarvish mithril-coat (being worn) Q - an uncursed +0 pair of elven boots (being worn) Potions h - a blessed potion of extra healing Wands o - a wand of cancellation (0:1) Tools j - an uncursed oil lamp (lit) (0:759) k - an expensive camera (0:75) z - an uncursed bag of holding R - a +0 pick-axe (weapon in hand) Gems q - an uncursed luckstone Contents of the bag of holding: 767 gold pieces 7 +0 crossbow bolts 11 +0 daggers 21 blessed +2 darts 5 +0 darts 9 +0 elven arrows a +0 orcish dagger a +0 scimitar an uncursed +0 alchemy smock a cursed -1 dwarvish cloak an uncursed +0 helm of opposite alignment an uncursed +0 leather armor an uncursed +0 pair of gauntlets of fumbling an uncursed +0 pair of gauntlets of fumbling an uncursed +1 pair of iron shoes a blessed +0 pair of iron shoes an uncursed cream pie 5 uncursed eggs 13 uncursed food rations an uncursed lembas wafer 3 uncursed oranges an uncursed slime mold an uncursed tin of rothe meat an uncursed scroll of enchant armor an uncursed scroll of enchant weapon a cursed scroll of enchant weapon a blessed scroll of identify 4 uncursed scrolls of magic mapping an uncursed scroll of remove curse 2 uncursed scrolls of scare monster an uncursed scroll of teleportation an uncursed spellbook of cause fear a blessed spellbook of knock an uncursed potion of extra healing an uncursed potion of full healing an uncursed potion of hallucination an uncursed potion of healing a blessed potion of levitation an uncursed potion of levitation an uncursed ring of protection from shape changers an uncursed credit card an uncursed leash an uncursed lock pick a +0 pick-axe an uncursed tallow candle (0:200) 5 cursed partly used tallow candles (0:121) 2 uncursed wax candles (0:400) 5 cursed wax candles (0:400) an uncursed worthless piece of black glass an uncursed worthless piece of orange glass 2 uncursed worthless pieces of yellow glass an uncursed worthless piece of yellowish brown glass Spells and supernatural/magical abilities: Name Level Category Fail Memory W - pray for help -- divine ? -- Your skills at the end: Fighting Skills Weapon Skills dart [Basic] Spellcasting Skills Final Attributes: You had strayed. You were telepathic. You were stealthy. You were protected. You were lucky. You had extra luck. Bad luck did not time out for you. Good luck did not time out for you. You are dead. Vanquished creatures: a shrieker 4 gnome lords a kitten 4 dwarves 2 homunculi a giant bat an orc zombie 2 dwarf zombies a werejackal an iguana an acid blob a gas spore 2 hobbits a hobgoblin 3 giant rats 2 yellow molds 3 green molds a red mold 21 gnomes 4 garter snakes 10 geckos 10 jackals 2 foxes 2 kobolds a goblin 2 sewer rats 6 grid bugs 6 lichens 2 kobold zombies 5 newts 103 creatures vanquished. Voluntary challenges: You had been an atheist until turn 3089. You used a wielded weapon 2 times, starting on turn 3341. You had been a pacifist until turn 2260. You read items or engraved 18 times, starting on turn 12. You never genocided any monsters. You never polymorphed an object. You never changed form. You used no wishes. You never split a pudding. You wrote Elbereth's name 9 times, starting on turn 12. You never violated your personal moral code. Dungeon overview: The Dungeons of Doom: levels 1 to 6 Level 1 some fountains a long staircase Level 2 a fountain Level 3 an armor shop, some fountains Level 4 a scroll shop stairs to The Gnomish Mines Level 5 a delicatessen, a fountain Level 6 many fountains The Gnomish Mines: levels 5 to 8 Level 5 stairs to The Dungeons of Doom Level 6 Level 8 <- You were here History has recorded: On T:1 you entered the Dungeons of Doom to retrieve the Amulet of Yendor! On T:554 you reached level 2 of The Dungeons of Doom. On T:1027 you reached level 3 of The Dungeons of Doom. On T:1850 you reached level 4 of The Dungeons of Doom. On T:2058 you reached level 1 of The Gnomish Mines. On T:2307 you reached level 5 of The Dungeons of Doom. On T:2929 you reached level 6 of The Dungeons of Doom. On T:3845 you reached level 2 of The Gnomish Mines. On T:4220 you reached level 4 of The Gnomish Mines. Score breakdown: Gold: 116 ( 7035 points) Experience: 1 level ( 0 points) Exploration: 8 levels ( 15.69%) (11224 points) Discoveries: 10 items ( 3.36%) ( 5495 points) Valuables value: (no points given unless you survive) Artifact value: 0 ( 0 points) Variety of kills: 30 monsters ( 7.87%) ( 8418 points) Turncount: 4419 turns (-1172 points) Survival: died (score multiplied by 80%) Total score: 24800 Latest messages: You put a crude dagger into the bag. You put a tin into the bag. You put 2 candles into the bag. You put a lock pick into the bag. The dwarf lord turns to flee! Something is written here in the dust. You read: "Elbereth". You see no objects here. The dwarf lord turns to flee! You are beginning to feel hungry. You hear some noises in the distance. The giant spider bites! The giant spider misses. (2x) The dwarf lord throws a dagger! You are almost hit by a dagger. You write in the dust with your fingers. The giant spider bites! The giant spider misses. The giant spider bites! You die... Final status: Aloha Zazza the Tourist, killed by a giant spider... You died in The Gnomish Mines on dungeon level 8 with 24800 points, and 767 pieces of gold, after 4419 moves. You were level 1 with a maximum of 10 hit points when you died.